 Dungeon Crawl Stone Soup version 0.18-a0-1292-ge8ad84c (webtiles) character file.

156 ezio133798 the Grave Robber (level 5, 0/35 HPs)
             Began as a Vampire Necromancer on Feb 9, 2016.
             Was an Elder of Jiyva.
             Succumbed to a worker ant's poison
             ... on level 3 of the Dungeon.
             The game lasted 00:26:55 (4717 turns).

ezio133798 the Grave Robber (Vampire Necromancer)   Turns: 4717, Time: 00:26:55

Health: 0/35       AC:  3    Str:  7    XL:     5   Next: 14%
Magic:  5/9        EV: 12    Int: 20    God:    Jiyva [****..]
Gold:   175        SH:  0    Dex: 13    Spells: 1 memorised, 9 levels left

rFire  . . .     SeeInvis +     e - +0 short sword
rCold  . . .     Gourm    .     c - +0 robe
rNeg   + . .     Faith    .     (no shield)
rPois  .         Spirit   .     (no helmet)
rElec  .         Dismiss  .     (no cloak)
rCorr  +         Reflect  .     s - +0 pair of gloves
SustAt .         Harm     .     (no boots)
MR     .....     Clarity  +     (no amulet)
Stlth  +++.......               (no ring)
                                (no ring)

@: lethally poisoned (0 -> -10), not resistant to hostile enchantments, fairly
stealthy
A: fangs 3, see invisible, clarity, unbreathing
a: Bat Form, Request Jelly, Jelly Paralyse, Slimify, Renounce Religion


You were on level 3 of the Dungeon.
You worshipped Jiyva.
Jiyva was greatly pleased with you.
You were not thirsty.

You visited 1 branch of the dungeon, and saw 3 of its levels.

You collected 175 gold pieces.

Inventory:

Hand Weapons
 e - a +0 short sword (weapon)
 i - a +1 antimagic short sword
Missiles
 r - 8 tomahawks of returning (quivered)
Armour
 c - a +0 robe (worn)
 s - a +0 pair of gloves (worn)
Scrolls
 a - a scroll of fog {unknown}
 g - a scroll of enchant armour {unknown}
 h - a scroll of random uselessness {unknown}
 j - a scroll of immolation {unknown}
 k - a scroll of amnesia
 l - a scroll of identify {unknown}
Potions
 d - 2 potions of cure mutation {unknown}
 o - 2 potions of brilliance {unknown}
 p - a potion of might {unknown}
 q - 2 potions of curing
Books
 b - a book of Necromancy

   Spells                             Type                      Level
   a - Pain                           Necromancy                   1
   b - Animate Skeleton               Necromancy                   1
   c - Vampiric Draining              Necromancy                   3
   d - Regeneration                   Charms/Necromancy            3
   e - Animate Dead                   Necromancy                   4
   f - Control Undead                 Necromancy                   4
Comestibles
 f - a bread ration


   Skills:
 + Level 0.1 Fighting
 + Level 2.2 Dodging
 + Level 3.4 Stealth
 + Level 3.2 Spellcasting
 + Level 6.1 Necromancy


You had 9 spell levels left.
You knew the following spells:

 Your Spells              Type           Power        Failure   Level  Hunger
a - Pain                  Necr           ####         1%          1    None


Dungeon Overview and Level Annotations

Branches:
Dungeon (3/15)

Altars:
Okawaru
Jiyva


Innate Abilities, Weirdness & Mutations

You have razor-sharp teeth.
You have supernaturally acute eyesight.
You can survive without breathing.
You possess an exceptional clarity of mind.


Message History

Aim: a worker ant (lightly wounded, chance to defeat MR: 89%)
The worker ant barely resists.
You feel sick. The worker ant bites you!
Casting: Pain
Confirm with . or Enter, or press ? or * to list all spells.
Aiming: Pain
Press: ? - help, Shift-Dir - straight line, f/p - worker ant
Aim: a worker ant (lightly wounded, chance to defeat MR: 89%)
The worker ant convulses in agony!
You feel sick. The worker ant bites you.
You are more poisoned.
The worker ant poisons you!
Casting: Pain
Confirm with . or Enter, or press ? or * to list all spells.
Aiming: Pain
Press: ? - help, Shift-Dir - straight line, f/p - worker ant
Aim: a worker ant (moderately wounded, chance to defeat MR: 89%)
The worker ant convulses in agony!
You feel sick. The worker ant bites you.
* * * LOW HITPOINT WARNING * * *
The worker ant bites you.
* * * LOW HITPOINT WARNING * * *
You die...

. #.......#
#####.### #.# #.#
#.#
###############.#
#...............#
#.....###########
.#####.>.@.#
.......a...#
######.....#
#######


You could see a worker ant.

Vanquished Creatures
  An orc priest (D:3)
  An orc wizard (D:3)
  3 adders (D:2)
  2 worms (D:2)
  3 giant geckos
  2 orcs (D:3)
  3 ball pythons
  2 giant cockroaches (D:2)
  6 goblins
  4 hobgoblins
  2 jackals (D:3)
  13 kobolds
  8 bats
  3 giant newts
  16 rats
69 creatures vanquished.

Vanquished Creatures (others)
  The ghost of corax the Vandal, an amateur SpHu (D:3)
  An orc wizard (D:3)
  2 adders
  2 worms (D:3)
  A giant gecko (D:2)
  3 orcs (D:3)
  A bat (D:1)
  2 goblins
  4 hobgoblins
  2 giant newts
19 creatures vanquished.

Grand Total: 88 creatures vanquished

Notes
Turn   | Place    | Note
--------------------------------------------------------------
     0 | D:1      | ezio133798 the Vampire Necromancer began the quest for the Orb.
     0 | D:1      | Reached XP level 1. HP: 13/13 MP: 3/3
   552 | D:1      | Reached XP level 2. HP: 4/19 MP: 0/5
  1091 | D:1      | Reached skill level 5 in Necromancy
  2680 | D:2      | Reached XP level 3. HP: 21/24 MP: 2/6
  3358 | D:2      | Found a faded altar to an unknown god.
  3369 | D:2      | Became a worshipper of Jiyva Jubb the Shapeless
  3369 | D:2      | Reached * piety under Jiyva
  3452 | D:2      | Reached XP level 4. HP: 26/30 MP: 3/8
  3582 | D:2      | Reached ** piety under Jiyva
  4157 | D:3      | Reached skill level 6 in Necromancy
  4157 | D:3      | Reached XP level 5. HP: 14/35 MP: 1/9
  4284 | D:3      | Reached *** piety under Jiyva
  4300 | D:3      | Killed corax's ghost
  4361 | D:3      | Gained mutation: You possess an exceptional clarity of mind. [Jiyva's grace]
  4407 | D:3      | Reached **** piety under Jiyva
  4482 | D:3      | Found an iron altar of Okawaru.
  4715 | D:3      | HP: 1/35 [worker ant (4)]
  4717 | D:3      | Succumbed to a worker ant's poison

Vault maps used:
D:1:      onia_arrival_mini_maze_b, lemuel_flame_loot_1
D:2:      first_bread, ecumenical_altar_2
D:3:      okawaru_trees_1

Action                   |  1- 3 |  4- 6 || total
-------------------------+-------+-------++-------
Melee: Short sword       |    15 |    14 ||    29
       Unarmed           |     1 |       ||     1
Throw: Tomahawk          |     1 |       ||     1
 Cast: Pain              |    66 |    50 ||   116
  Use: Scroll            |     1 |       ||     1
  Eat: Corpse            |    14 |     1 ||    15
